 Dungeon Crawl Stone Soup version 0.22-a0-757-gdba82d8 (webtiles) character file.

42 Mamutox the Cudgeler (level 3, -4/36 HPs)
             Began as a Troll Chaos Knight on July 16, 2018.
             Slain by a worm (18 damage)
             ... on level 2 of the Dungeon.
             The game lasted 00:03:22 (1559 turns).

Mamutox the Cudgeler (Troll Chaos Knight)           Turns: 1559, Time: 00:03:23

Health: -4/36      AC:  7    Str: 20    XL:     3   Next: 33%
Magic:  2/2        EV: 10    Int:  8    God:    Xom [...*..]
Gold:   77         SH:  0    Dex: 10    Spells: 2/2 levels left

rFire    . . .     SeeInvis .   a - +0 mace (chaos)
rCold    . . .     Gourm    +   (no shield)
rNeg     . . .     Faith    .   b - +2 robe
rPois    .         Spirit   .   (helmet restricted)
rElec    .         Reflect  .   (no cloak)
rCorr    .         Harm     .   (gloves unavailable)
MR       .....                  (boots unavailable)
Stlth    +.........             (no amulet)
HPRegen  0.52/turn              (no ring)
MPRegen  0.08/turn              (no ring)

@: no status effects
A: large, unfitting armour, claws 3, fast metabolism 3, gourmand, regeneration
1, shaggy fur 1, tough skin 2
a: Renounce Religion


You were on level 2 of the Dungeon.
You worshipped Xom.
You were a favourite toy of Xom.
You were very full.

You visited 1 branch of the dungeon, and saw 2 of its levels.

You collected 77 gold pieces.

Inventory:

Hand Weapons
 a - a +0 mace of chaos (weapon)
Armour
 b - a +2 robe (worn)
Jewellery
 j - an uncursed ring of wizardry {unknown}
Wands
 k - a wand of flame (21)
Scrolls
 e - 2 scrolls of remove curse {unknown}
 f - 2 scrolls of identify {unknown}
 h - 2 scrolls of fear {unknown}
 i - a scroll of blinking {unknown}
Potions
 d - a potion of agility {unknown}
 g - a potion of heal wounds {unknown}
Comestibles
 c - 2 rations


   Skills:
 - Level 2.5 Fighting
 + Level 4.0 Maces & Flails
 - Level 1.9 Dodging


You had 2 spell levels left.
You didn't know any spells.
Your spell library was empty.

Dungeon Overview and Level Annotations

Branches:
Dungeon (2/15)

Altars:


Innate Abilities, Weirdness & Mutations

You are too large for most types of armour.
You have claws for hands.
Your metabolism is lightning-fast.
You like to eat raw meat.
Your natural rate of healing is unusually fast.
You are covered in fur. (AC +1)
You have very tough skin. (AC +2)


Message History

The dart slug launches a dart at you. The slug dart hits you!
The goblin hits you with a club.
You thump the dart slug!
The dart slug is severely wounded.
The goblin hits you but does no damage. The dart slug bites you.
You sock the dart slug! You burn the dart slug.
You kill the dart slug!
The goblin closely misses you.
You hit the goblin. You freeze the goblin.
You kill the goblin!
Your Maces & Flails skill increases to level 4!
You hit the worm but do no damage. The worm bites you!
You hit the worm.
The worm goes berserk!
The worm is moderately wounded.
The worm bites you.
You sock the worm!
The worm is poisoned.
The worm is heavily wounded.
The worm bites you!!
Ouch! That really hurt!
You die...

.#####..# ##.# #......##
+...... .# #..# #.# #.....^#
#...... .# #..# #.. #......#
#...... .#
#.(#####+###......# #......
.#
#..#......##......####))....
.#
#..#......##................
.#
#..#......##................
..
#.........##.####...........
... #.....w@.# #...........
.... #.>###)..# ############
#. #....# # ......# ###....#
#....# #..... #......


You could see a worm (berserk).

Vanquished Creatures
  An adder (D:2)
  A dart slug (D:2)
  A leopard gecko (D:1)
  A giant cockroach (D:1)
  8 goblins
  6 hobgoblins
  5 kobolds
  A bat (D:2)
  A frilled lizard (D:1)
  3 rats
28 creatures vanquished.

Notes
Turn   | Place    | Note
-------+----------+-------------------------------------------
     0 | D:1      | Mamutox the Troll Chaos Knight began the quest for the Orb.
     0 | D:1      | Reached XP level 1. HP: 22/22 MP: 0/0
   276 | D:1      | XOM: divination: magic mapping
   307 | D:1      | Reached skill level 3 in Maces & Flails
   324 | D:1      | Reached XP level 2. HP: 25/29 MP: 1/1
   674 | D:1      | XOM: divination: detect items
  1126 | D:2      | XOM: scenery: 1 doors close
  1160 | D:2      | XOM: scenery: 1 doors open
  1203 | D:2      | HP: 1/29 [adder (1)]
  1267 | D:2      | Reached XP level 3. HP: 13/36 MP: 2/2
  1556 | D:2      | Reached skill level 4 in Maces & Flails
  1559 | D:2      | Slain by a worm

Vault maps used:
D:1:      dpeg_arrival_arbitrary_a, lemuel_another_geyser
D:2:      uniq_sigmund, uniq_natasha

Skill      XL: |  1  2  3 |
---------------+----------+-----
Maces & Flails | 3 4 |  4.0
Fighting       | |  2.5
Dodging        | |  1.9

Action                   || total
-------------------------++-------
Melee: Mace              ||   101
  Use: Potion            ||     1
 Stab: Petrified         ||     2
  Eat: Chunk             ||    19
Armor: Robe              ||    47
Dodge: Dodged            ||    57

Table legend:
 A = Spawn XP
 B = Non-spawn XP
 C = Spawn XP percentage of total XP
 D = Spawn monster count
 E = Non-spawn monster count
 F = Spawn count percentage of total count
 G = Total turns spent on level
                    A         B        C        D         E        F      G
               +---------+---------+-------+---------+---------+-------+---------
         Total |       0 |      60 |   0.0 |       0 |      28 |   0.0 |  1559
               +---------+---------+-------+---------+---------+-------+---------
           D:1 |       0 |      24 |   0.0 |       0 |      13 |   0.0 |  1054
           D:2 |       0 |      36 |   0.0 |       0 |      15 |   0.0 |   505
               +---------+---------+-------+---------+---------+-------+---------
